 Dungeon Crawl Stone Soup version 0.28.0-53-g5a82cb258f (webtiles) character file.

Game seed: 17826134213617348886

206 Kranky the Skirmisher (level 5, -1/39 HPs)
             Began as an Octopode Fighter on June 20, 2022.
             Slain by a jackal (2 damage)
             ... in a sewer.
             The game lasted 00:04:54 (3191 turns).

Kranky the Skirmisher (Octopode Fighter)            Turns: 3191, Time: 00:04:54

Health: -1/39      AC:  1    Str: 15    XL:     5   Next: 84%
Magic:  5/5        EV: 10    Int: 10    God:
Gold:   135        SH:  5    Dex: 14    Spells: 4/4 levels left

rFire   . . .      SeeInvis .   a - +0 flail
rCold   . . .      Faith    .   b - +0 buckler
rNeg    . . .      Spirit   .   (helmet restricted)
rPois   .          Reflect  .   (no amulet)
rElec   .          Harm     .   (no ring)
rCorr   .          Rampage  .   (no ring)
Will    .....                   (no ring)
Stlth   +++++.....              (no ring)
HPRegen 0.13/turn               (no ring)
MPRegen 0.09/turn               (no ring)
                                (no ring)
                                (no ring)

@: lethally poisoned (-1 -> -8), constricted
A: almost no armour, amphibious, 8 rings, camouflage 1, gelatinous body 1,
nimble swimmer 1, tentacles
a: no special abilities


You were in a sewer.
You visited 1 branch of the dungeon, and saw 3 of its levels.
You also visited: Sewer.

You collected 135 gold pieces.

Inventory:

Hand Weapons
 a - a +0 flail (weapon)
Armour
 b - a +0 buckler (worn)
Jewellery
 f - an amulet of reflection
Scrolls
 h - a scroll of enchant weapon {unknown}
 i - a scroll of blinking {unknown}
Potions
 c - a potion of might
 e - 4 potions of flight
 g - a potion of haste {unknown}


   Skills:
 + Level 5.1 Fighting
 - Level 2.0 Maces & Flails
 - Level 3.0 Dodging
 - Level 5.0 Stealth
 - Level 3.0 Shields


You had 4 spell levels left.
You didn't know any spells.
Your spell library contained the following spells:

 Spells                   Type           Power      Damage    Failure   Level
 Beastly Appendage        Tmut           0%         N/A       45%         1
 Wereblood                Tmut           0%         N/A       58%         2
 Spider Form              Tmut/Pois      0%         N/A       83%         3


Dungeon Overview and Level Annotations

Branches:
Dungeon (3/15)              Sewer (1/1)

Altars:


Innate Abilities, Weirdness & Mutations

You cannot wear most types of armour.
You are amphibious.
You can wear up to eight rings at the same time.
Your skin changes colour to match your surroundings (Stealth+).
Your rubbery body absorbs attacks. (AC +1, EV +1)
You are camouflaged when in or above water. (Stealth+)
You have tentacles for arms and can constrict up to eight enemies at once.


Message History

* * * LOW HITPOINT WARNING * * *
The ball python closely misses you.
It was a potion of heal wounds.
You feel much better.
You feel very sick. The ball python misses you. The ball python grabs you.
The ball python constricts you. The adder bites you.
The ball python completely misses you. The ball python bites you.
The ball python constricts you.
You closely miss the ball python. You grab the ball python.
You constrict the ball python.
You kill the ball python!
You feel sick.
The jackal pauses to sniff the ground.
The adder closely misses you. The ball python bites you.
The ball python barely misses you. You block the ball python's attack.
The ball python barely misses you. The adder barely misses you.
You sock the ball python!
You kill the ball python!
You feel sick. The ball python barely misses you.
You block the ball python's attack. The adder bites you.
You block the jackal's attack. The ball python closely misses you.
The ball python grabs you. The ball python constricts you.
You barely miss the adder. Your grab misses the adder.
You feel sick. The adder bites you. You block the jackal's attack.
The ball python closely misses you. The ball python constricts you.
The adder bites you. The jackal barely misses you. The ball python bites you.
* * * LOW HITPOINT WARNING * * *
The ball python constricts you.
* * * LOW HITPOINT WARNING * * *
You hit the adder. You grab the adder.
The adder is heavily wounded.
You constrict the adder.
You feel sick. The adder bites you.
* * * LOW HITPOINT WARNING * * *
You are lethally poisoned!
The adder poisons you! The jackal barely misses you. The ball python bites you.
* * * LOW HITPOINT WARNING * * *
The ball python constricts you.
* * * LOW HITPOINT WARNING * * *
The adder barely misses you. The jackal bites you.
You die...

### #≈≈≈# ##### ###.?
#≈≈≈######## ##....
#≈≈≈≈≈≈≈≈.≈≈ #.....
#.≈.≈≈≈≈≈≈≈≈ #....###
#≈≈≈≈≈≈.≈≈≈.
#......####.≈.########
#......##≈≈≈#
######hS≈≈..≈≈≈######
#≈≈≈≈S@†≈≈≈≈≈≈≈≈≈≈.≈.
#≈≈≈≈≈≈≈≈≈≈≈≈≈≈≈≈≈≈≈≈
#≈≈≈≈≈≈†≈≈≈≈≈≈≈≈≈≈≈≈≈
#####################


You could see an adder, a jackal and a ball python.

Vanquished Creatures
  8 adders
  7 river rats
  3 worms
  9 ball pythons
  3 endoplasms (D:2)
  8 giant cockroaches
  2 goblins
  5 hobgoblins
  5 kobolds
  A quokka (D:3)
  10 bats
  6 frilled lizards
  3 rats
70 creatures vanquished.

Notes
Turn   | Place    | Note
-------+----------+-------------------------------------------
     0 | D:1      | Kranky the Octopode Fighter began the quest for the Orb.
     0 | D:1      | Reached XP level 1. HP: 16/16 MP: 1/1
   297 | D:1      | Reached skill level 1 in Stealth
   418 | D:1      | Reached XP level 2. HP: 19/21 MP: 2/2
  1137 | D:2      | Reached XP level 3. HP: 22/26 MP: 3/3
  2357 | D:3      | Reached XP level 4. HP: 33/33 MP: 4/4
  2499 | D:3      | Found a glowing drain.
  2503 | Sewer    | Entered a sewer
  2566 | Sewer    | Reached skill level 5 in Stealth
  2566 | Sewer    | Reached XP level 5. HP: 37/37 MP: 5/5
  3186 | Sewer    | Reached skill level 5 in Fighting
  3191 | Sewer    | HP: 1/39 [constriction (1)]
  3191 | Sewer    | Slain by a jackal

Illustrated notes

Levels and vault maps discovered:
D:1:      scummos_arrival_simple_fountains, layout_loops_ring
D:2:      minmay_chambers_of_ones, layout_basic, serial_co_window_serial,
          co_window_paths_a, co_window_corner_a, co_window_corner_a,
          co_window_of_opportunity_a, co_window_paths_b, co_window_corner_a,
          co_window_unsneaky_path_c, co_window_of_opportunity_c,
          co_window_paths_c, co_window_broadway_a, co_window_paths_d,
          co_window_4corner_b, glass_columns_b, glass_columns_a,
          glass_columns_a, glass_columns_a, st_stairs_13, minivault_11
D:3:      layout_loops_ring, gup_sewer_entry_spiral
Sewer:    sewer_fruit_machine

Skill      XL: |  1  2  3  4  5 |
---------------+----------------+-----
Stealth        | 1 2 3 5 |  5.0
Fighting       | 4 5 |  5.1
Maces & Flails | |  2.0
Dodging        | |  3.0
Shields        | |  3.0

Action                   |  1- 3 |  4- 6 || total
-------------------------+-------+-------++-------
Melee: Flail             |    58 |    67 ||   125
       Constrict         |    16 |    22 ||    38
       Tentacles         |    10 |    14 ||    24
  Use: Scroll            |     1 |       ||     1
       Potion            |       |     1 ||     1
 Stab: Sleeping          |    13 |    10 ||    23
Armor: Skin              |     2 |     5 ||     7
Dodge: Dodged            |    27 |    66 ||    93
Block: Buckler           |    14 |    17 ||    31
